 Dungeon Crawl Stone Soup version 0.27.0-1-g7a089689b8 (webtiles) character file.

Game seed: 7755966317191363551

62 MRpancake the Poker (level 3, 0/33 HPs)
             Began as a Minotaur Monk on Aug 9, 2021.
             Killed from afar by Sigmund (10 damage)
             ... with a puff of flame
             ... on level 2 of the Dungeon.
             The game lasted 00:02:43 (1707 turns).

MRpancake the Poker (Minotaur Monk)                 Turns: 1707, Time: 00:02:44

Health: 0/33       AC:  5    Str: 16    XL:     3   Next: 85%
Magic:  2/2        EV: 11    Int:  7    God:
Gold:   43         SH:  0    Dex: 12    Spells: 2/2 levels left

rFire    . . .     SeeInvis .   a - +0 spear
rCold    . . .     Faith    .   (no shield)
rNeg     . . .     Spirit   .   g - +0 ring mail
rPois    .         Reflect  .   (helmet restricted)
rElec    .         Harm     .   (no cloak)
rCorr    .         Rampage  .   (no gloves)
Will     .....                  (no boots)
Stlth    +.........             (no amulet)
HPRegen  0.11/turn              (no ring)
MPRegen  0.08/turn              (no ring)

@: no status effects
A: horns 2, retaliatory headbutt
a: no special abilities


You were on level 2 of the Dungeon.
You visited 1 branch of the dungeon, and saw 2 of its levels.

You collected 43 gold pieces.

Inventory:

Hand Weapons
 a - a +0 spear (weapon)
Armour
 b - a +0 robe
 g - a +0 ring mail (worn)
Potions
 d - a potion of lignification {unknown}
 f - a potion of magic {unknown}


   Skills:
 + Level 4.2 Fighting
 + Level 4.6 Polearms
 + Level 0.5 Armour
 + Level 3.8 Dodging
 + Level 1.8 Stealth


You had 2 spell levels left.
You didn't know any spells.
Your spell library was empty.

Dungeon Overview and Level Annotations

Branches:
Dungeon (2/15)

Altars:

Annotations:
D:2 Sigmund


Innate Abilities, Weirdness & Mutations

You have a pair of horns on your head.
You reflexively headbutt those who attack you in melee.


Message History

Level annotation: Sigmund The bat barely misses you.
The bat hits you but does no damage.
There is a stone staircase leading up, spattered with blood here.
HP restored.
The bat hits you but does no damage. The bat barely misses you.
You climb upwards.
There is a stone staircase leading down, spattered with blood here.
You climb downwards.
Level annotation: Sigmund The bat hits you but does no damage. x2
Sigmund casts a spell.
Sigmund flickers and vanishes!
Deactivating autopickup; reactivate with Ctrl-A.
There is a stone staircase leading up, spattered with blood here.
You closely miss the bat. The bat hits you.
You closely miss the rat. The bat closely misses you. The rat misses you.
You hit the bat.
The bat is moderately wounded.
The bat hits you. The rat barely misses you. You furiously retaliate!
You headbutt the rat.
You kill the rat!
You miss the bat. Your headbutt misses the bat.
The bat is moderately wounded.
The bat hits you but does no damage.
A magic dart appears from out of thin air!
The magic dart hits you. The bat misses you. Something hits you!
You reach to attack!
You hit the bat but do no damage.
The bat is moderately wounded.
The bat hits you but does no damage. Something hits you.
You are too injured to fight recklessly!
You are too injured to fight recklessly!
You are too injured to fight recklessly!
You hit something. Your headbutt misses something.
The bat hits you but does no damage. Something hits you.
You hit something. The bat closely misses you. You furiously retaliate!
You headbutt the bat.
You hear some strange, mumbled words.
A puff of flame appears from out of thin air!
The puff of flame hits you!
You die...

#.# #.# #.#
########.###
#..........#
#..........#
..........†#
#.......@<.#
#......{b).#
#..........#
#..........#
g.....######
....J. .....
@.... g...


You could see an endoplasm and a bat.

Vanquished Creatures
  Robin (D:1)
  2 dart slugs (D:1)
  An endoplasm (D:1)
  3 giant cockroaches
  14 goblins
  4 hobgoblins (D:1)
  5 jackals (D:1)
  A quokka (D:1)
  A ball python (D:1)
  6 frilled lizards
  A kobold (D:1)
  4 rats
43 creatures vanquished.

Notes
Turn   | Place    | Note
-------+----------+-------------------------------------------
     0 | D:1      | MRpancake the Minotaur Monk began the quest for the Orb.
     0 | D:1      | Reached XP level 1. HP: 19/19 MP: 0/0
   184 | D:1      | Reached XP level 2. HP: 22/27 MP: 1/1
   744 | D:1      | Reached XP level 3. HP: 33/33 MP: 2/2
   889 | D:2      | Noticed Robin
   890 | D:2      | Noticed Sigmund
  1499 | D:1      | Killed Robin
  1707 | D:2      | Killed from afar by Sigmund

Illustrated notes

Levels and vault maps discovered:
D:1:      matt_arrival_diagonals, layout_basic
D:2:      layout_basic, serial_shops, nicolae_shop_stone, basic_altar,
          grunt_ministairs_2, minmay_misc_feat_pillars, uniq_crazy_yiuf_cottage,
          uniq_sigmund, uniq_robin

Skill      XL: |  1  2 |
---------------+-------+-----
Polearms       | 4 |  4.6
Fighting       | 4 |  4.2
Armour         | |  0.5
Dodging        | |  3.8
Stealth        | |  1.8

Action                   || total
-------------------------++-------
Melee: Spear             ||   103
       Headbutt          ||     9
  Use: Scroll            ||     2
 Stab: Sleeping          ||     2
Armor: Ring mail         ||    37
       Robe              ||     2
Dodge: Dodged            ||    72
